 Dungeon Crawl Stone Soup version 0.29.1-15-g9cfb28693d (webtiles) character file.

Game seed: 18118542502321566605

19 Kold the Trooper (level 2, 24/24 HPs)
             Began as a Demonspawn Monk on Feb 24, 2023.
             Was a Believer of Fedhas.
             Quit the game on level 1 of the Dungeon.
             The game lasted 00:00:59 (467 turns).

Kold the Trooper (Demonspawn Monk)                   Turns: 467, Time: 00:01:00

Health: 24/24      AC:  2    Str: 11    XL:     2   Next: 55%
Magic:  2/2        EV: 13    Int: 11    God:    Fedhas [**....]
Gold:   15         SH:  0    Dex: 15    Spells: 1/1 levels left

rFire   . . .      SeeInvis .   f - +1 dagger (venom)
rCold   . . .      Faith    .   (no shield)
rNeg    . . .      Spirit   .   b - +0 robe
rPois   .          Reflect  .   (no helmet)
rElec   .          Harm     .   (no cloak)
rCorr   .          Rampage  .   (no gloves)
Will    .....                   (no boots)
Stlth   ++........              (no amulet)
HPRegen 0.08/turn               (no ring)
MPRegen 0.08/turn               (no ring)

@: no status effects
A: demonic touch 1
a: Renounce Religion, Wall of Briars


You were on level 1 of the Dungeon.
You worshipped Fedhas.
Fedhas was pleased with you.
You visited 1 branch of the dungeon, and saw 1 of its levels.

You collected 15 gold pieces.

Inventory:

Hand Weapons
 a - a +0 mace
 f - a +1 dagger of venom (weapon)
Armour
 b - a +0 robe (worn)
 d - a +0 buckler
Scrolls
 e - a scroll of identify {unknown}
 h - a scroll of enchant armour {unknown}
Potions
 c - a potion of ambrosia
 g - a potion of curing {unknown}


   Skills:
 + Level 3.2 Fighting
 + Level 2.9 Maces & Flails
 + Level 3.0 Dodging
 + Level 2.1 Stealth


You had one spell level left.
You didn't know any spells.
Your spell library was empty.

Dungeon Overview and Level Annotations

Branches:
Dungeon (1/15)

Altars:
Fedhas


Innate Abilities, Weirdness & Mutations

Your touch may inflict minor irresistible damage on your foes.


Message History

Found a scroll labelled ECOETS SAETUO and a sedimented red potion.
The hobgoblin shouts! x2; You hear a shout!
The hobgoblin barely misses you.
A goblin comes into view. It is wielding a +0 club.
There is an open door here.
You hit the hobgoblin but do no damage. The hobgoblin misses you. x2
You hit the hobgoblin.
The hobgoblin is heavily wounded.
The hobgoblin closely misses you. The hobgoblin barely misses you.
You hit the hobgoblin.
You kill the hobgoblin!
The hobgoblin barely misses you.
You hit the hobgoblin.
The hobgoblin is poisoned.
You touch the hobgoblin.
You kill the hobgoblin!
You hit the plant.
The plant begins to die.
The plant is lightly damaged.
You completely miss the plant.
You touch the plant!
The plant is lightly damaged.
You hit the plant.
The plant is poisoned.
You touch the plant!
The plant is lightly damaged.
The goblin barely misses you.
You hit the plant.
The plant is lightly damaged.
A nearby plant withers and dies.
The goblin hits you with a +0 club. The goblin attacks as you move away!
The goblin closely misses you.
You hit the goblin.
The goblin is poisoned.
You touch the goblin.
You kill the goblin!
Your Dodging skill increases to level 3!
There is an open door here.
You see here a +0 club.
There is an open door here.
There is a faded altar of an unknown god here.
Unknown command.
Press < or > to pray at altars.
You cannot tell which god this altar belongs to.
Convert to them anyway?
Fedhas accepts your prayer! Fedhas welcomes you!
You can now encircle yourself with summoned briar patches.
The plants of the dungeon cease their hostilities.
Are you sure you want to abandon this character and quit the game? (Confirm with "yes".)

#########
#......†###
#'#####..†#
#.....###.#
#8###.#
#.####
#...#.#
#....#
##.#.#.#
####.#
##..#.'[#
#.##
#####.@.#####
#..###
#P'.#..##
##....
#.#.#.##
##... #.#P..#
###...
#.###8#
#.....
#P....#
.....#...
#####)#
..####...
#.......# #
#######
#...?...#
..... #


There were no monsters in sight!

Vanquished Creatures
  A dart slug (D:1)
  An endoplasm (D:1)
  A giant cockroach (D:1)
  A goblin (D:1)
  3 hobgoblins (D:1)
  3 jackals (D:1)
  A quokka (D:1)
  A ball python (D:1)
  2 frilled lizards (D:1)
  A kobold (D:1)
15 creatures vanquished.

Vanquished Creatures (others)
  A plant (D:1)
1 creature vanquished.

Grand Total: 16 creatures vanquished

Notes
Turn   | Place    | Note
-------+----------+-------------------------------------------
     0 | D:1      | Kold the Demonspawn Monk began the quest for the Orb.
     0 | D:1      | Reached XP level 1. HP: 18/18 MP: 1/1
   188 | D:1      | Gained mutation: Your touch may inflict minor irresistible
                  | damage on your foes. [demonic ancestry]
   188 | D:1      | Reached XP level 2. HP: 9/24 MP: 2/2
   407 | D:1      | Found a faded altar of an unknown god.
   466 | D:1      | Prayed at the altar of an unknown god.
   466 | D:1      | Became a worshipper of Fedhas Madash
   466 | D:1      | Reached * piety under Fedhas
   466 | D:1      | Reached ** piety under Fedhas
   467 | D:1      | Quit the game

Illustrated notes

Levels and vault maps discovered:
D:1:      dpeg_arrival_pond, layout_rooms, shapermc_ecumenical_altar_ellora,
          st_stairs_5

Skill      XL: |  1  2 |
---------------+-------+-----
Stealth        | 2 |  2.1
Dodging        | 3 |  3.0
Fighting       | |  3.2
Maces & Flails | |  2.9

Action                   || total
-------------------------++-------
Melee: Mace              ||    13
       Dagger            ||    15
       Touch             ||     6
 Stab: Sleeping          ||     6
Armor: Robe              ||     1
Dodge: Dodged            ||    17
